 Dungeon Crawl Stone Soup version 0.29-a0-360-g8ed1089bbe (webtiles) character file.

Game seed: 3106595259819081523

117 Hubjo the Magician (level 4, -6/26 HPs)
             Began as a Deep Elf Fire Elementalist on Apr 28, 2022.
             Mangled by a gnoll
             ... wielding a +0 whip
              (10 damage)
             ... on level 3 of the Dungeon.
             The game lasted 00:03:38 (3481 turns).

Hubjo the Magician (Deep Elf Fire Elementalist)     Turns: 3481, Time: 00:03:38

Health: -6/26      AC:  2    Str: 11    XL:     4   Next: 71%
Magic:  1/12       EV: 13    Int: 26    God:
Gold:   99         SH:  0    Dex: 17    Spells: 10/11 levels left

rFire   . . .      SeeInvis .   f - +2 dagger
rCold   . . .      Faith    .   (no shield)
rNeg    . . .      Spirit   .   a - +0 robe
rPois   .          Reflect  .   (no helmet)
rElec   .          Harm     .   (no cloak)
rCorr   .          Rampage  .   (no gloves)
Will    .....                   (no boots)
Stlth   +++.......              (no amulet)
HPRegen 0.08/turn               l - +6 ring of strength
MPRegen 0.13/turn               m - +6 ring of intelligence

@: no status effects
A: no striking features
a: no special abilities


You were on level 3 of the Dungeon.
You visited 1 branch of the dungeon, and saw 3 of its levels.

You collected 99 gold pieces.

Inventory:

Hand Weapons
 f - a +2 dagger (weapon)
Armour
 a - a +0 robe (worn)
Jewellery
 l - a +6 ring of strength (left hand)
 m - a +6 ring of intelligence (right hand)
 p - a ring of see invisible
Scrolls
 c - a scroll of blinking
 e - a scroll of teleportation
 j - a scroll of amnesia {unknown}
 q - a scroll of identify
 r - a scroll of noise {unknown}
Potions
 b - 2 potions of magic
 d - 2 potions of curing {unknown}
 g - a potion of degeneration {unknown}
 h - 3 potions of brilliance
 i - a potion of invisibility
 k - a potion of might {unknown}
 n - a potion of haste {unknown}
 o - a potion of mutation {unknown}


   Skills:
 * Level 2.2 Fighting
 - Level 2.4 Dodging
 + Level 3.5 Stealth
 + Level 4.0 Spellcasting
 - Level 1.1 Conjurations
 + Level 3.9 Fire Magic


You had 10 spell levels left.
You knew the following spells:

 Your Spells              Type           Power      Damage    Failure   Level
a - Foxfire               Conj/Fire      72%        2x1d7     3%          1

Your spell library contained the following spells:

 Spells                   Type           Power      Damage    Failure   Level
 Scorch                   Fire           52%        2d7       2%          2
 Conjure Flame            Conj/Fire      18%        6-21      9%          3
 Inner Flame              Hex/Fire       15%        N/A       11%         3
 Flame Wave               Conj/Fire      18%        2d6       30%         4


Dungeon Overview and Level Annotations

Branches:
Dungeon (3/15)

Altars:


Message History

You conjure some foxfire!
The foxfire hits the gnoll.
You kill the gnoll!
The foxfire hits the adder.
The adder is heavily wounded.
You hear a shout!
You conjure some foxfire!
The foxfire hits the gnoll.
The gnoll is lightly wounded.
The foxfire hits the gnoll.
The gnoll is heavily wounded.
A gnoll comes into view. It is wielding a +0 whip.
You conjure some foxfire!
The foxfire hits the gnoll.
The gnoll is heavily wounded.
The foxfire hits the gnoll!
You kill the gnoll!
Your Spellcasting skill increases to level 4!
You conjure some foxfire!
The foxfire hits the adder.
The adder is severely wounded.
The foxfire hits the adder.
The adder is severely wounded.
The adder bites you.
You conjure some foxfire!
The adder barely misses you.
The foxfire hits the adder but does no damage.
The adder is severely wounded.
The adder misses you. The gnoll hits you with a +0 whip!
You are too injured to fight recklessly!
You barely miss the adder.
The adder is severely wounded.
The foxfire hits the adder.
You kill the adder!
The foxfire hits the gnoll.
The gnoll is lightly wounded.
The foxfire hits the gnoll.
The gnoll is moderately wounded.
The gnoll hits you with a +0 whip.
* * * LOW HITPOINT WARNING * * *
You are too injured to fight recklessly!
Casting: Foxfire (safe; 3% risk of failure)
Confirm with . or Enter, or press ? or * to list all spells.
You conjure some foxfire!
The gnoll hits you with a +0 whip!
You die...

#....# #...# .# #...# .#
####...###### .#
..##........# .#
#.##....###.# .# .
#^####..###.# .# ..# ##
#.# ##...#.##g#.....
.###.#####...#.v@).....#
.##..#.......##.§v......
.##.##.####.###.........
.##....##.#.####........
.##..####.#..# ##.######
.##.......##.## .#
.###.####.##..# .# .#
#.# #.###.## .# .###.#
#.# #..#


You could see a gnoll (ally target).

Vanquished Creatures
  2 gnolls (D:3)
  5 adders
  7 endoplasms
  2 giant cockroaches
  3 goblins
  5 hobgoblins
  3 quokkas
  8 ball pythons
  6 bats
  7 frilled lizards
  3 kobolds
  2 rats (D:1)
53 creatures vanquished.

Vanquished Creatures (others)
  296 foxfires
296 creatures vanquished.

Grand Total: 349 creatures vanquished

Notes
Turn   | Place    | Note
-------+----------+-------------------------------------------
     0 | D:1      | Hubjo the Deep Elf Fire Elementalist began the quest for
                  | the Orb.
     0 | D:1      | Reached XP level 1. HP: 10/10 MP: 6/6
   399 | D:1      | Reached XP level 2. HP: 16/16 MP: 4/8
   630 | D:1      | Reached skill level 1 in Fighting
  1376 | D:2      | Reached XP level 3. HP: 13/20 MP: 5/10
  2375 | D:2      | Reached XP level 4. HP: 26/26 MP: 8/11
  3478 | D:3      | Reached skill level 4 in Spellcasting
  3481 | D:3      | Mangled by a gnoll

Illustrated notes

Levels and vault maps discovered:
D:1:      sevenhm_arrival_forest_fort_small_5, layout_rooms
D:2:      layout_basic
D:3:      layout_basic

Skill      XL: |  1  2  3  4 |
---------------+-------------+-----
Fighting       | 1 2 |  2.2
Stealth        | 3 |  3.5
Spellcasting   | 4 |  4.0
Dodging        | |  2.4
Conjurations   | |  1.1
Fire Magic     | |  3.9

Action                   |  1- 3 |  4- 6 || total
-------------------------+-------+-------++-------
Melee: Dagger            |    17 |     5 ||    22
 Cast: Foxfire           |   129 |    57 ||   186
  Use: Scroll            |     3 |     3 ||     6
 Stab: Sleeping          |     1 |       ||     1
Armor: Robe              |     1 |       ||     1
Dodge: Dodged            |    17 |     4 ||    21

Table legend: (Time is in decaauts)
 A = Elapsed time spent in this place.
 B = Non-inter-level travel time spent in this place.
 C = Inter-level travel time spent in this place.
 D = Time resting spent in this place.
 E = Time spent auto-exploring this place.
 F = Levels seen in this place.
 G = Mean time per level.
                   A        B        C        D        E       F      G
               +--------+--------+--------+--------+--------+-----+--------+
         Total |   3483 |   3426 |     57 |      0 |   2971 |   3 | 1161.0 |
       Dungeon |   3483 |   3426 |     57 |      0 |   2971 |   3 | 1161.0 |
               +--------+--------+--------+--------+--------+-----+--------+

Top non-repeatable levels by time:
     D:2: 1857 daAuts
     D:1: 1155 daAuts
     D:3: 469 daAuts
